 Dungeon Crawl Stone Soup version 0.31-a0-354-g827e0957a7 (webtiles) character file.

Game seed: 2909124157078214065

16795 LeprechaunX the Grappler (level 12, -8/86 HPs)
             Began as an Octopode Shapeshifter on July 24, 2023.
             Was a Believer of Hepliaklqana.
             Mangled by a very large slime creature (60 damage)
             ... on level 13 of the Dungeon.
             The game lasted 00:22:15 (9517 turns).

LeprechaunX the Grappler (Octopode Shapeshifter)    Turns: 9517, Time: 00:22:16

Health: -8/86      AC:  9    Str: 24    XL:     12   Next: 41%
Magic:  14/14      EV: 23    Int: 11    God:    Hepliaklqana [**....]
Gold:   827        SH:  0    Dex: 12    Spells: 11/11 levels left

rFire   + .          .
                       - Unarmed
rCold   + + .        (shield currently unavailable)
rNeg    . . .        (helmet currently unavailable)
rPois   .            i - amulet of regeneration
rElec   .            e - ring of protection from fire
rCorr   +            f - ring of protection from cold
SInv    .            g - +5 ring of evasion
Will    .....        j - ring of protection from cold
Stlth   +            m - +5 ring of evasion
HPRegen 1.14/turn    t - ring of resist corrosion
MPRegen 0.14/turn    (no ring)
                     (no ring)

%: no passive effects
@: snake-form
A: constrict, boosted hp, reduced essence, almost no armour, amphibious, 8
rings, large, (camouflage 1), (gelatinous body 1), (nimble swimmer 1),
(tentacles)
a: Begin Untransformation, Renounce Religion, Recall Ancestor, Ancestor Identity


You were on level 13 of the Dungeon.
You worshipped Hepliaklqana.
Hepliaklqana was pleased with you.
You were an enormous anaconda.
You visited 2 branches of the dungeon, and saw 14 of its levels.

You collected 827 gold pieces.

Inventory:

Missiles
 u - 5 boomerangs (quivered)
 L - 6 javelins
Armour
 P - a +2 kite shield
Jewellery
 e - a ring of protection from fire (left tentacle)
 f - a ring of protection from cold (right tentacle)
 g - a +5 ring of evasion (on tentacle)
 i - an amulet of regeneration (around neck)
 j - a ring of protection from cold (on tentacle)
 m - a +5 ring of evasion (on tentacle)
 t - a ring of resist corrosion (on tentacle)
 M - a +6 ring of intelligence
Talismans
 b - a beast talisman
 p - a maw talisman
 N - a serpent talisman
Wands
 z - a wand of mindburst (18)
 H - a wand of flame (25)
 J - a wand of iceblast (16)
Scrolls
 d - 2 scrolls of torment {unknown}
 h - 3 scrolls of amnesia {unknown}
 k - 2 scrolls of immolation {unknown}
 n - 8 scrolls of identify {unknown}
 o - a scroll of brand weapon {unknown}
 q - 5 scrolls of teleportation {unknown}
 s - 4 scrolls of enchant weapon {unknown}
 x - a scroll of vulnerability {unknown}
 y - 4 scrolls of revelation {unknown}
 A - 2 scrolls of silence {unknown}
 B - 2 scrolls of fog {unknown}
 F - 2 scrolls of poison {unknown}
 G - 3 scrolls of blinking {unknown}
 K - 2 scrolls of enchant armour {unknown}
Potions
 a - 3 potions of lignification
 c - 3 potions of berserk rage {unknown}
 l - 5 potions of curing {unknown}
 r - 2 potions of magic {unknown}
 v - a potion of degeneration {unknown}
 w - a potion of haste {unknown}
 C - a potion of invisibility {unknown}
 D - 3 potions of heal wounds {unknown}
 E - a potion of mutation {unknown}
 I - a potion of enlightenment {unknown}
 O - a potion of brilliance {unknown}


   Skills:
 + Level 8.7 Fighting
 - Level 4.0 Throwing
 + Level 8.9 Dodging
 + Level 1.9 Shields
 + Level 11.9 Unarmed Combat
 + Level 3.9 Invocations
 * Level 8.5 Shapeshifting


You had 11 spell levels left.
You didn't know any spells.
Your spell library contained the following spells:

 Spells                   Type           Power      Damage    Failure   Level
 Cigotuvi's Dreadful Rot  Necr/Pois/Air  0%         N/A       47%         2
 Poisonous Vapours        Pois/Air       0%         N/A       47%         2
 Sublimation of Blood     Necr           0%         N/A       47%         2
 Wereblood                Tmut           0%         N/A       47%         2
 Dazzling Flash           Conj/Hex       0%         N/A       71%         3
 Frozen Ramparts          Ice            0%         1d1       71%         3
 Gell's Gravitas          Tloc           0%         N/A       71%         3
 Mephitic Cloud           Conj/Pois/Air  0%         N/A       71%         3
 Teleport Other           Tloc           0%         N/A       71%         3
 Volatile Blastmotes      Fire/Tloc      0%         2d10      71%         3
 Olgreb's Toxic Radiance  Pois           0%         N/A       98%         4
 Petrify                  Tmut/Erth      0%         N/A       98%         4
 Alistair's Intoxication  Tmut/Pois      0%         N/A       100%        5
 Freezing Cloud           Conj/Ice/Air   0%         6-21      100%        5
 Metabolic Englaciation   Hex/Ice        0%         N/A       100%        5
 Dispersal                Tloc           0%         N/A       100%        6
 Starburst                Conj/Fire      0%         6d3       100%        6
 Summon Hydra             Summ           0%         N/A       100%        7
 Maxwell's Capacitive Co  Air            0%         ∞         100%        8


Dungeon Overview and Level Annotations

Branches:
Dungeon (13/15)            Temple (1/1) D:7            Lair (0/5) D:11
    Orc (0/2) D:11
 Vaults: D:13-14

Altars:
Ashenzari
Cheibriados
Dithmenos
Elyvilon
Fedhas
Gozag
Hepliaklqana
Kikubaaqudgha
Makhleb
Nemelex Xobeh
Okawaru
Qazlal
Ru
Sif Muna
Trog
Uskayaw
Vehumet
Wu Jian
Xom
Yredelemnul
Zin
The Shining One

Shops:
D:6 *


Innate Abilities, Weirdness & Mutations

You are an enormous anaconda.
You have a powerful constriction melee attack.
Your maximum health is increased.
Your armour is entirely melded.
You are incapable of wielding weapons or throwing items.
Your life essence is reduced to manifest your ancestor. (-10% HP)
You cannot wear most types of armour.
You are amphibious.
You can wear up to eight rings at the same time.
((Your skin changes colour to match your surroundings (Stealth+).))
((Your rubbery body absorbs attacks. (AC +1, EV +1)))
((You are camouflaged when in or above water. (Stealth+)))
((You have tentacles for arms and can constrict up to eight enemies at once.))


Message History

There is a stone staircase leading down here.
You swap places.
Ancestor HP restored.
You see here a +0 ring mail.
There is a stone staircase leading down here.
You climb downwards.
There is a stone staircase leading up here.
The slime creature quivers.
You body-slam the slime creature!!
The slime creature is moderately wounded.
The slime creature barely misses you.
Two slime creatures merge to form a large slime creature.
You body-slam the large slime creature!!
The large slime creature is moderately wounded.
You hear a shout!
You lash the large slime creature!
The large slime creature is heavily wounded.
A slime creature comes into view.
The large slime creature hits you!!!
You body-slam the large slime creature!!
The large slime creature is severely wounded.
You hit the large slime creature.
The large slime creature is severely wounded.
Two slime creatures merge to form a very large slime creature.
Izel casts a spell at the very large slime creature.
The very large slime creature seems to slow down.
You lash the very large slime creature!
The very large slime creature is heavily wounded.
The very large slime creature hits you but does no damage.
You hit the very large slime creature.
The very large slime creature is severely wounded.
Izel hits the very large slime creature with a +0 dagger of draining!
A deep elf pyromancer comes into view. It is wielding a +0 rapier.
Izel casts a spell at the very large slime creature.
The very large slime creature easily resists.
You lash the very large slime creature!
The very large slime creature is severely wounded.
The very large slime creature hits you!!!
Ouch! That really hurt!
You die...

. . #. #.#
#...
#...###
#eJR#####.#
#S......#
#..#######.
#..<.......
##.#.######
.....#
###..##
#..# #..#
#..#


You could see the friendly Izel the hexer, a very large slime creature (slow,
ally target) and a deep elf pyromancer.

Vanquished Creatures
  7 two-headed ogres
  3 boulder beetles
  A rust devil (D:11)
  A gargoyle (D:12)
  A komodo dragon (D:10)
  A kobold demonologist (D:10)
  6 trolls
  Prince Ribbit (D:7)
  2 hornets (D:9)
  Sigmund (D:6)
  2 wyverns
  A basilisk (D:12)
  Eustachio (D:6)
  2 shadows
  5 yaks (D:8)
  A vampire (D:11)
  7 vampire mosquitoes
  2 steam dragons
  2 acid dragons
  A water moccasin (D:8)
  Duvessa (D:6)
  3 black bears
  8 orc warriors
  A sky beast (D:6)
  An ice beast (D:6)
  5 ogres
  2 centaurs
  A phantom (D:5)
  5 kobold brigands
  A bullfrog (D:7)
  4 gnoll sergeants
  A scorpion (D:6)
  3 wights (D:9)
  Dowan (D:6)
  11 killer bees
  4 howler monkeys
  6 hounds
  A gnoll bouda (D:6)
  2 orc priests (D:8)
  A sleepcap (D:4)
  Natasha (thrice) (D:2)
  15 orc wizards
  7 gnolls
  10 adders
  A shadow imp (D:6)
  2 white imps (D:6)
  An ufetubus (D:6)
  2 worms
  5 dart slugs
  50 orcs
  6 endoplasms
  2 giant cockroaches
  3 goblins
  11 hobgoblins
  3 jackals (D:4)
  16 kobolds
  4 quokkas
  5 ball pythons
  2 bats (D:2)
  5 frilled lizards
  10 rats
273 creatures vanquished.

Vanquished Creatures (collateral kills)
  A vampire mosquito (D:12)
  A howler monkey (D:12)
  3 kobolds
5 creatures vanquished.

Vanquished Creatures (others)
  A vampire (D:10)
  5 ancestors
6 creatures vanquished.

Grand Total: 284 creatures vanquished

Notes
Turn   | Place    | Note
-------+----------+-------------------------------------------
     0 | D:1      | LeprechaunX the Octopode Shapeshifter began the quest for
                  | the Orb.
     0 | D:1      | Reached XP level 1. HP: 13/13 MP: 1/1
   168 | D:1      | Reached XP level 2. HP: 14/18 MP: 2/2
   805 | D:2      | Noticed Natasha
   818 | D:2      | Killed Natasha
   819 | D:2      | Reached XP level 3. HP: 5/23 MP: 3/3
   929 | D:2      | Noticed Natasha
   937 | D:2      | Killed Natasha
   937 | D:2      | Noticed Natasha
   938 | D:2      | Reached XP level 4. HP: 25/29 MP: 4/4
   946 | D:2      | Killed Natasha
   947 | D:2      | Reached skill level 4 in Unarmed Combat
  1449 | D:3      | Found a faded altar of an unknown god.
  1461 | D:3      | Reached XP level 5. HP: 34/34 MP: 5/5
  2406 | D:4      | Reached XP level 6. HP: 41/41 MP: 6/6
  2504 | D:4      | Found an opulent altar of Gozag.
  2596 | D:5      | Entered Level 5 of the Dungeon
  2859 | D:5      | Reached skill level 1 in Throwing
  2859 | D:5      | Reached skill level 5 in Unarmed Combat
  3061 | D:5      | Reached XP level 7. HP: 46/46 MP: 7/7
  3329 | D:6      | Found Jasawuo's Mass Market.
  3381 | D:6      | Noticed Sigmund
  3401 | D:6      | Reached skill level 6 in Unarmed Combat
  3435 | D:6      | Noticed a shadow
  3444 | D:6      | Killed a shadow
  3445 | D:6      | Reached XP level 8. HP: 29/54 MP: 8/8
  3617 | D:6      | Noticed Eustachio
  3639 | D:6      | Killed Eustachio
  3675 | D:6      | Got the Atlas of Reformed Putridity
  3700 | D:6      | Reached skill level 7 in Unarmed Combat
  3713 | D:6      | Noticed Duvessa
  3713 | D:6      | Noticed Dowan
  3726 | D:6      | Killed Duvessa
  3727 | D:6      | Reached XP level 9. HP: 34/59 MP: 9/9
  3734 | D:6      | Killed Dowan
  3847 | D:6      | Killed Sigmund
  3848 | D:6      | Reached skill level 5 in Dodging
  3848 | D:6      | Reached skill level 5 in Shapeshifting
  4115 | D:6      | Found a snail-covered altar of Cheibriados.
  4156 | D:7      | Reached skill level 5 in Fighting
  4168 | D:7      | Found a staircase to the Ecumenical Temple.
  4187 | Temple   | Entered the Ecumenical Temple
  4228 | D:7      | Reached skill level 8 in Unarmed Combat
  4435 | D:7      | Noticed Prince Ribbit
  4488 | D:7      | Killed Prince Ribbit
  4933 | D:7      | Found a stormy altar of Qazlal.
  4967 | D:7      | Found an ancient bone altar of Kikubaaqudgha.
  5300 | D:8      | Reached skill level 9 in Unarmed Combat
  5300 | D:8      | Reached XP level 10. HP: 32/68 MP: 10/10
  5437 | D:8      | Noticed a two-headed ogre
  5451 | D:8      | Killed a two-headed ogre
  5554 | D:8      | Found a transporter.
  5562 | D:8      | Found a transporter.
  5565 | D:8      | Found a transporter.
  5571 | D:8      | Found a transporter.
  5608 | D:8      | Noticed a two-headed ogre
  5611 | D:8      | Found a transporter.
  5611 | D:8      | Found a transporter.
  5783 | D:8      | Killed a two-headed ogre
  5784 | D:8      | Reached skill level 10 in Unarmed Combat
  5948 | D:9      | Noticed a two-headed ogre
  5985 | D:9      | Found a hazy altar of Hepliaklqana.
  5994 | D:9      | Became a worshipper of Hepliaklqana the Forgotten
  6351 | D:9      | Killed a two-headed ogre
  6352 | D:9      | Reached XP level 11. HP: 75/75 MP: 11/11
  6548 | D:9      | Found a white marble altar of Elyvilon.
  6657 | D:10     | Entered Level 10 of the Dungeon
  6680 | D:10     | Found a shimmering altar of Xom.
  6854 | D:10     | Reached * piety under Hepliaklqana
  6987 | D:10     | Found a hide-covered altar of Uskayaw.
  7043 | D:10     | Noticed a two-headed ogre
  7066 | D:10     | Reached skill level 11 in Unarmed Combat
  7073 | D:10     | Killed a two-headed ogre
  7092 | D:10     | Noticed a soul eater
  7440 | D:11     | Noticed a boulder beetle
  7613 | D:11     | Found a staircase to the Lair.
  7626 | D:11     | Noticed a two-headed ogre
  7639 | D:11     | Killed a two-headed ogre
  7648 | D:11     | Reached skill level 1 in Invocations
  7662 | D:11     | Found a burning altar of Makhleb.
  7969 | D:11     | Killed a boulder beetle
  8165 | D:11     | Noticed a two-headed ogre
  8179 | D:11     | Killed a two-headed ogre
  8276 | D:11     | Found a staircase to the Orcish Mines.
  8314 | D:11     | Reached XP level 12. HP: 53/74 MP: 14/14
  8755 | D:12     | Noticed a boulder beetle
  8767 | D:12     | Killed a boulder beetle
  8775 | D:12     | Noticed a boulder beetle
  8790 | D:12     | Killed a boulder beetle
  8791 | D:12     | Reached skill level 1 in Shields
  8856 | D:12     | Noticed a two-headed ogre
  8862 | D:12     | Killed a two-headed ogre
  9031 | D:12     | Reached ** piety under Hepliaklqana
  9033 | D:12     | Remembered your ancestor Izel as a hexer
  9472 | D:13     | Noticed a centaur warrior
  9517 | D:13     | Mangled by a very large slime creature

Illustrated notes

Levels and vault maps discovered:
D:1:      tarquinn_simple_flora_water_e, layout_loops_ring
D:2:      layout_basic, minmay_misc_feat_cross, solitary_fountain, uniq_natasha
D:3:      wander_river, layout_basic, ebering_ecumenical_altar_box,
          minmay_ruptured
D:4:      layout_cave_pools, grunt_gozag_breadcrumbs
D:5:      layout_basic
D:6:      kennysheep_six_static_rooms, layout_rooms,
          lemuel_coloured_pillars_altar, minmay_shop_mass,
          kennysheep_generic_room_3, uniq_eustachio, uniq_duvessa, uniq_sigmund
D:7:      layout_basic, nicolae_overflow_squiral, minmay_temple_entry_wispy,
          enter_bailey_2, uniq_prince_ribbit1
D:8:      layout_cave_pools, serial_nicolae_subway, nicolae_sub_station_stone,
          nicolae_sub_station_metal, nicolae_sub_station_crystal
D:9:      layout_basic, elyvilon_altar_5, nicolae_overflow_crystal_walls
D:10:     layout_roguey, old_standard_altar, nicolae_uskayaw_suspiria,
          minmay_circle_x
D:11:     layout_roguey, dpeg_oklobed_lair,
          kennysheep_orc_monster_closet_entryway, serial_co_window_serial,
          co_window_cross_1, co_window_corner_a, co_window_paths_a,
          co_window_paths_b, co_window_of_opportunity_a,
          co_window_unsneaky_path_a, co_window_corner_b, co_window_2corner,
          co_window_broadway_b, co_window_of_opportunity_b, co_window_paths_c,
          glass_columns_c, demons_altar
D:12:     layout_loops_cross
D:13:     layout_basic, skrybe_vaults_entry_preservation
Temple:   eino_temple_water

Skill      XL: |  1  2  3  4  5  6  7  8  9 10 11 12 |
---------------+-------------------------------------+-----
Fighting       | 2 3 4 5 7 8 |  8.7
Unarmed Combat | 4 5 6 7 9 10 11 | 11.9
Dodging        | 3 4 6 7 8 |  8.9
Throwing       | 1 2 3 4 |  4.0
Shapeshifting  | 4 5 6 7 8 |  8.5
Invocations    | 2 3 |  3.9
Shields        | 1 |  1.9

Action                     |  1- 3 |  4- 6 |  7- 9 | 10-12 || total
---------------------------+-------+-------+-------+-------++-------
  Melee: Unarmed           |    48 |   139 |   227 |   334 ||   748
         Constrict         |     9 |    39 |    42 |    59 ||   149
         Tentacles         |     6 |    21 |    40 |    30 ||    97
         Punch             |     1 |     6 |    10 |    18 ||    35
  Throw: Boomerang         |       |       |       |    65 ||    65
 Invoke: Ancestor Life: He |       |       |       |     1 ||     1
    Use: Potion            |     1 |       |     1 |     2 ||     4
   Stab: Sleeping          |     2 |    11 |     1 |     1 ||    15
         Distracted        |       |       |     1 |     1 ||     2
 Armour: Skin              |     2 |     3 |     6 |    54 ||    65
  Dodge: Dodged            |    22 |    99 |   192 |   284 ||   597
   Form: Anaconda          |       |       |       |     1 ||     1

Table legend: (Time is in decaauts)
 A = Elapsed time spent in this place.
 B = Non-inter-level travel time spent in this place.
 C = Inter-level travel time spent in this place.
 D = Time resting spent in this place.
 E = Time spent auto-exploring this place.
 F = Levels seen in this place.
 G = Mean time per level.
                   A        B        C        D        E       F      G
               +--------+--------+--------+--------+--------+-----+--------+
         Total |   9397 |   8644 |    753 |    528 |   6066 |  14 |  671.2 |
       Dungeon |   9395 |   8642 |    753 |    528 |   6066 |  13 |  722.7 |
        Temple |      1 |      1 |      0 |      0 |      0 |   1 |    1.0 |
               +--------+--------+--------+--------+--------+-----+--------+

Top non-repeatable levels by time:
    D:11: 1312 daAuts
     D:7: 1049 daAuts
     D:6: 804 daAuts
     D:1: 779 daAuts
    D:10: 747 daAuts
    D:12: 740 daAuts
     D:8: 728 daAuts
     D:5: 727 daAuts
     D:3: 722 daAuts
     D:9: 696 daAuts
     D:2: 660 daAuts
     D:4: 418 daAuts
    D:13: 9 daAuts
  Temple: 1 daAuts
